Map: Catalyst LE

Players

DankCraft - Winner!

  • Race: Protoss Protoss
  • Spawn Location: 11:00

karaDebiti

  • Race: Protoss Protoss
  • League: Diamond
  • Spawn Location: 5:00

VOD

Have the link to the VOD?

Description

Time

  • Played on: Aug. 9, 2018, 6:52 p.m.
  • Length: 6:32
Show
View Real Time Build Order
Export as new Build Order

DankCraft Protoss - Winner!

Build Orders:  

Get SALT Encoding   

  12  0:00  Probe  
  13  0:08  Probe  
  14  0:19  Pylon  
  14  0:20  Probe  
  15  0:37  Probe  
  16  0:49  Pylon  
  16  1:03  Pylon  
  16  1:08  Gateway  
  16  1:14  Gateway  
  16  1:28  Gateway  
  16  1:30  Pylon  
  15  1:38  Probe  
  15  1:46  Probe  
  19  2:26  Zealot  
  19  2:29  Pylon x2  
  19  2:35  Pylon  
  19  2:40  Pylon  
  19  2:44  Pylon  
  19  2:45  Pylon  
  19  2:47  Pylon  
  19  2:50  Pylon x2  
  19  2:51  Zealot  
  19  2:53  Zealot  
  19  2:56  Zealot  
  25  3:06  Gateway  
  25  3:16  Gateway  
  25  3:24  Zealot  
  27  3:35  Zealot  
  23  3:43  Gateway  
  21  3:51  Zealot  
  25  4:05  Gateway  
  23  4:13  Forge  
  23  4:21  Zealot  
  27  4:25  Zealot  
  31  4:41  Pylon  
  31  4:42  Zealot  
  31  4:50  Zealot, Photon Cannon  
  31  4:58  Photon Cannon  
  29  5:05  Pylon  
  25  5:15  Photon Cannon  
Show
View Real Time Build Order
Export as new Build Order

karaDebiti Protoss 

Build Orders:  

Get SALT Encoding   

  12  0:02  Probe  
  13  0:14  Probe  
  14  0:26  Probe, Pylon  
  15  0:40  Probe  
  15  0:48  Probe  
  16  0:56  Gateway  
  17  0:58  Probe  
  17  1:01  Assimilator  
  17  1:02  Assimilator  
  18  1:10  Probe  
  19  1:23  Gateway  
  19  1:34  Zealot  
  19  1:46  Probe  
  22  1:58  Probe  
  23  2:17  Pylon  
  23  2:26  Zealot  
  23  2:27  Pylon  
  23  2:35  Probe, Zealot  
  28  2:42  Gateway  
  28  2:47  Cybernetics Core  
  28  2:52  Zealot  
  21  3:40  Probe, Zealot  
  21  3:52  Probe  
  22  4:05  Probe  
  20  4:36  Shield Battery  
  20  4:48  Zealot  
  22  4:59  Zealot  
  22  5:06  Zealot  
Tags
 
League
Diamond
Matchup
PvP
Spawn Locations
Cross Positions
Add a new tag
Caveats
  • Supply blocks, unpowered buildings, or Contaminate may cause inaccurate times.
  • Supply counts are checked every 10 seconds.